 Dungeon Crawl Stone Soup version 0.25.1-11-g244df3a29b (webtiles) character file.

Game seed: 15799190045171360949

1374362 oldriver the Acrobat (level 27, 207/207 HPs)
             Began as a Halfling Assassin on Jan 3, 2023.
             Was a High Priest of Nemelex Xobeh.
             Escaped with the Orb
             ... and 3 runes on Jan 4, 2023!
             The game lasted 05:11:12 (128253 turns).

oldriver the Acrobat (Halfling Assassin)          Turns: 128253, Time: 05:11:13

Health: 207/207    AC: 37    Str: 19    XL:     27
Magic:  39/39      EV: 32    Int:  9    God:    Nemelex Xobeh [*****.]
Gold:   3757       SH: 22    Dex: 26    Spells: 26/26 levels left

rFire    + + .     SeeInvis +   a - +6 sacred scourge (holy)
rCold    + . .     Gourm    .   Q - +1 kite shield {rPois}
rNeg     + + .     Faith    .   F - +0 storm dragon scales
rPois    +         Spirit   .   H - +2 helmet {SInv}
rElec    +         Reflect  +   l - +2 cloak {rF+}
rCorr    +         Harm     .   Y - +2 pair of gloves
MR       ++...                  g - +2 pair of boots {run}
Stlth    ++........             L - amulet of Psychosis {Reflect *Corrode rN++ Dex+4 SH+5}
HPRegen  0.44/turn              w - ring of resist corrosion
MPRegen  0.26/turn              A - ring "Wezy" {+Fly rF+ rC+}

@: quick
A: small, high mp 1, mutation resistance 1
0: Orb of Zot
}: 3/15 runes: decaying, serpentine, silver
a: Draw Escape, Draw Destruction, Draw Summoning, Draw Stack, Triple Draw, Deal
Four, Stack Five, Renounce Religion, Evoke Flight


You escaped.
You worshipped Nemelex Xobeh.
Nemelex Xobeh was extremely pleased with you.
You were not hungry.

You visited 12 branches of the dungeon, and saw 54 of its levels.
You visited the Abyss 1 time.
You also visited: Bailey, Gauntlet and Volcano.

You collected 11135 gold pieces.
You spent 7378 gold pieces at shops.

Inventory:

Hand Weapons
 a - a +6 sacred scourge of holy wrath (weapon)
 b - the +10 fustibalus of the Protecting Puffin {venom, +Blink}
   (You acquired it on level 11 of the Dungeon)

   It poisons the ammo it fires.
   It lets you blink.
 S - a +9 quick blade of flaming
Missiles
 s - 199 sling bullets
 J - 24 atropa-tipped darts (quivered)
 X - 12 curare-tipped darts
Armour
 g - a +2 pair of boots of running (worn)
 i - quicksilver dragon scales
 l - a +2 cloak of fire resistance (worn)
 F - +0 storm dragon scales (worn)
 H - a +2 helmet of see invisible (worn)
 Q - a +1 kite shield of poison resistance (worn)
 Y - a +2 pair of gloves (worn)
Jewellery
 w - a ring of resist corrosion (left hand)
 A - the ring "Wezy" (right hand) {+Fly rF+ rC+}
   (You took it off a deep elf mage on level 3 of the Elven Halls)

   [ring of flight]

   It protects you from fire.
   It protects you from cold.
   It lets you fly.
 L - the amulet of Psychosis (around neck) {Reflect *Corrode rN++ Dex+4 SH+5}
   (You found it on level 2 of the Lair of Beasts)

   [amulet of reflection]

   It shields you and reflects attacks.
   It affects your dexterity (+4).
   It greatly protects you from negative energy.
   It may corrode you when you take damage.
   It affects your SH (+5).
 Z - the ring of Robustness {AC+8}
   (You took it off an ironheart preserver on level 5 of the Vaults)

   [ring of protection]

   It affects your AC (+8).
Wands
 d - a wand of clouds (6)
 o - a wand of enslavement (4)
 B - a wand of iceblast (72)
 C - a wand of digging (8)
 D - a wand of disintegration (37)
 U - a wand of paralysis (41)
 W - a wand of acid (11)
Scrolls
 k - 24 scrolls of identify
 m - 5 scrolls of fear
 p - a scroll of remove curse
 q - 23 scrolls of teleportation
 r - 6 scrolls of magic mapping
 y - 8 scrolls of fog
 z - 2 scrolls of summoning
 I - 3 scrolls of blinking
Potions
 c - 6 potions of stabbing
 h - 8 potions of curing
 n - 2 potions of haste
 G - 3 potions of mutation
 K - 6 potions of berserk rage
 M - 6 potions of flight
 O - 2 potions of cancellation
 P - a potion of might
 T - a potion of invisibility
Miscellaneous
 j - a box of beasts
 t - a lightning rod (4/4)
 E - a phial of floods
 N - a tin of tremorstones (3/3)
 R - a phantom mirror
Comestibles
 f - 64 rations


   Skills:
 - Level 22.0 Fighting
 - Level 12.0 Short Blades
 - Level 12.0 Maces & Flails
 - Level 13.8(14.0) Slings
 - Level 2.0(6.7) Throwing
 - Level 25.0 Armour
 + Level 25.9 Dodging
 - Level 15.0 Stealth
 - Level 16.0 Shields
 - Level 17.0 Invocations
 - Level 13.0 Evocations


You had 26 spell levels left.
You didn't know any spells.
Your spell library contained the following spells:

 Spells                   Type           Power        Failure   Level  Hunger
 Animate Skeleton         Necr           N/A          91%         1    ##.....
 Apportation              Tloc           #.....       91%         1    ##.....
 Corona                   Hex            #......      91%         1    ##.....
 Magic Dart               Conj           #...         91%         1    ##.....
 Pain                     Necr           #...         91%         1    ##.....
 Sandblast                Erth           #.....       91%         1    ##.....
 Summon Butterflies       Summ           #.......     91%         1    ##.....
 Summon Small Mammal      Summ           #...         91%         1    ##.....
 Blink                    Tloc           N/A          97%         2    ###....
 Call Imp                 Summ           #.......     97%         2    ###....
 Passwall                 Tmut/Erth      #.......     97%         2    ###....
 Poisonous Vapours        Pois/Air       #.....       97%         2    ###....
 Searing Ray              Conj           #.....       97%         2    ###....
 Shroud of Golubria       Chrm/Tloc      #.....       97%         2    ###....
 Slow                     Hex            #.......     97%         2    ###....
 Sublimation of Blood     Necr           #.........   97%         2    ###....
 Call Canine Familiar     Summ           #.......     99%         3    ####...
 Conjure Flame            Conj/Fire      #.......     99%         3    ####...
 Dazzling Flash           Conj/Hex       #.....       99%         3    ####...
 Gell's Gravitas          Tloc           #.........   99%         3    ####...
 Inner Flame              Hex/Fire       #.......     99%         3    ####...
 Lesser Beckoning         Tloc           #.........   99%         3    ####...
 Mephitic Cloud           Conj/Pois/Air  #.......     99%         3    ####...
 Portal Projectile        Hex/Tloc       #.....       99%         3    ####...
 Recall                   Summ/Tloc      N/A          99%         3    ####...
 Static Discharge         Conj/Air       #.......     99%         3    ####...
 Stone Arrow              Conj/Erth      #.....       99%         3    ####...
 Teleport Other           Tloc           #.......     99%         3    ####...
 Vampiric Draining        Necr           #.........   99%         3    ####...
 Animate Dead             Necr           N/A          100%        4    #####..
 Cause Fear               Hex            #.........   100%        4    #####..
 Dispel Undead            Necr           #.......     100%        4    #####..
 Fulminant Prism          Conj/Hex       #.........   100%        4    #####..
 Iskenderun's Mystic Bla  Conj/Tloc      #.......     100%        4    #####..
 Leda's Liquefaction      Hex/Erth       #.........   100%        4    #####..
 Petrify                  Tmut/Erth      #.......     100%        4    #####..
 Summon Ice Beast         Ice/Summ       #.......     100%        4    #####..
 Agony                    Necr           #.......     100%        5    ######.
 Bolt of Magma            Conj/Fire/Erth #.........   100%        5    ######.
 Borgnjor's Vile Clutch   Necr/Erth      #.........   100%        5    ######.
 Irradiate                Conj/Tmut      #.........   100%        5    ######.
 Lee's Rapid Deconstruct  Erth           #.........   100%        5    ######.
 Lightning Bolt           Conj/Air       #.........   100%        5    ######.
 Summon Forest            Summ/Tloc      #.........   100%        5    ######.
 Summon Mana Viper        Hex/Summ       #.......     100%        5    ######.
 Death Channel            Necr           #.........   100%        6    #######
 Freezing Cloud           Conj/Ice/Air   #.........   100%        6    #######
 Hydra Form               Tmut           #.........   100%        6    #######
 Invisibility             Hex            #.......     100%        6    #######
 Iron Shot                Conj/Erth      #.........   100%        6    #######
 Ozocubu's Refrigeration  Ice            #.........   100%        6    #######
 Simulacrum               Ice/Necr       #.........   100%        6    #######
 Starburst                Conj/Fire      #.........   100%        6    #######
 Statue Form              Tmut/Erth      #........    100%        6    #######
 Dragon Form              Tmut           #.........   100%        7    #######
 Ring of Flames           Chrm/Fire      #.........   100%        7    #######
 Summon Hydra             Summ           #.........   100%        7    #######
 Disjunction              Tloc           #.........   100%        8    #######
 Ignition                 Fire           #.........   100%        8    #######
 Infestation              Necr           #.........   100%        8    #######
 Shatter                  Erth           #.........   100%        9    #######
 Tornado                  Air            #.........   100%        9    #######
 Passage of Golubria      Tloc           Unusable     N/A         4    N/A

Dungeon Overview and Level Annotations

Branches:
Dungeon (15/15)            Temple (1/1) D:6            Lair (6/6) D:8
  Swamp (4/4) Lair:4        Snake (4/4) Lair:4        Slime (0/5) Lair:6
    Orc (2/2) D:10            Elf (3/3) Orc:2        Vaults (5/5) D:14
  Crypt (3/3) Vaults:3       Tomb (0/3) Crypt:3      Depths (5/5) D:15
   Hell (visited)             Zot (5/5) Depths:5     Bailey (visited)
Volcano (visited)         Gauntlet (visited)
    Dis: Hell:1         Geh: Hell:1         Coc: Hell:1         Tar: Hell:1

Altars:
Ashenzari
Cheibriados
Dithmenos
Elyvilon
Fedhas
Gozag
Hepliaklqana
Kikubaaqudgha
Makhleb
Nemelex Xobeh
Okawaru
Qazlal
Ru
Sif Muna
Trog
Uskayaw
Vehumet
Wu Jian
Xom
Yredelemnul
Zin
The Shining One
Beogh

Shops:
D:7 ?   D:8 }   Orc:1 **   Orc:2 [}*}   Elf:1 :   Elf:2 =?}   Elf:3 [
Snake:1 }   Snake:2 =}}   Snake:4 ((:   Vaults:3 [   Vaults:4 (   Depths:4 %

Portals:
Hell: Depths:1 Depths:2 Depths:3 Depths:4 Depths:5
Abyss: Depths:5
Pandemonium: Depths:3
Ziggurat: Depths:5

Annotations:
D:4 Pikel
D:11 1 runed translucent door, Onakli's ghost, journeyman DsFi
Lair:4 1 runed translucent door, Xeituj's ghost, journeyman GnEn
Swamp:3 1 runed translucent door, kulwych's ghost, adept HOFi
Snake:1 2 transporters, reptisaurus's ghost, journeyman HaAr
Snake:3 2 transporters, Moeloycvei's ghost, adept GnFi
Depths:3 3 runed translucent doors
Hell Geryon
Zot:2 1 transporter


Innate Abilities, Weirdness & Mutations

You are small and have problems with some larger weapons.
You are somewhat resistant to further mutation.
You have an increased reservoir of magic. (+10% MP)


Message History

There is an open door, spattered with blood here.
Things that are here:
a +0 ring mail; a +0 hand axe
There is a stone staircase leading up here.
You climb upwards.
Level annotation: Pikel
There is a stone staircase leading down here.
HP restored.
There is a stone staircase leading up here.
You climb upwards.
There is a stone staircase leading down here.
There is a stone staircase leading up here.
You climb upwards.
There is a stone staircase leading down here.
There is a stone staircase leading up here.
You climb upwards.
There is a stone staircase leading down here.
There is an open door here.
There is a staircase leading out of the dungeon here.
You have escaped!

# #.# ♣.PP..♣
# #.# ♣♣.♣♣♣.♣
#.# ♣♣..P♣♣.♣
#.#♣♣♣....P♣.♣
#.#♣....⌠.♣♣.♣
#.#♣.♣.....♣.♣
#.#♣.♣P♣P....♣
#.#♣.♣♣♣♣♣...♣
#('.........@♣
###♣♣♣♣♣♣♣♣♣♣♣


There were no monsters in sight!

Vanquished Creatures
  3 orbs of fire (Zot:5)
  2 ancient liches
  Mara (Swamp:3)
  Mennas (Crypt:2)
  3 juggernauts
  10 Killer Klowns
  A caustic shrike (Depths:4)
  5 curse toes
  4 golden dragons
  3 electric golems
  6 liches
  A Hell Sentinel (Zot:5)
  Jorgrun (Swamp:2)
  Rupert (D:15)
  3 deep elf blademasters
  25 Orb Guardians
  25 tentacled monstrosities
  9 quicksilver dragons
  6 titans
  Gastronok (Lair:2)
  2 deep elf master archers (Elf:3)
  6 sphinxes
  7 ancient champions
  8 death cobs
  6 tengu reavers
  13 storm dragons
  12 shadow dragons
  2 draconian monks (Zot:1)
  Donald (Orc:2)
  7 nagarajas (Snake:4)
  An azure jelly (Snake:4)
  6 revenants
  The ghost of DeepDeath the Impaler, an adept FoSk of Okawaru (D:15)
  A fire giant (shapeshifter) (Vaults:5)
  An emperor scorpion (Vaults:5)
  7 draconian knights
  13 frost giants
  A cacodemon (Depths:3)
  3 ghost moths
  11 vault wardens
  9 fire giants
  A juggernaut zombie (Crypt:2)
  5 deep elf elementalists
  4 curse skulls
  5 draconian scorchers
  3 balrugs
  Aizul (Snake:4)
  8 draconian annihilators
  12 ghouls
  6 deep elf sorcerers
  5 draconian shifters
  3 draconian stormcallers
  16 ironheart preservers
  3 reapers
  3 entropy weavers
  6 war gargoyles
  8 very ugly things
  7 black draconians
  9 deep elf demonologists
  9 green draconians
  9 deep elf annihilators
  28 stone giants
  8 vampire knights
  3 lorocyprocas (Depths:5)
  7 yellow draconians
  A minotaur (shapeshifter) (Depths:2)
  A minotaur (Gauntlet)
  12 red draconians
  8 spark wasps
  9 white draconians
  14 purple draconians
  A merfolk javelineer (Depths:2)
  17 ettins
  11 fire dragons
  8 jiangshi
  A green death (Crypt:2)
  8 eidola
  A spectral quicksilver dragon (Crypt:3)
  13 yaktaur captains
  9 deep elf death magi
  A spectral golden dragon (Crypt:3)
  8 great orbs of eyes
  28 vault guards
  14 ogre magi
  Harold (D:8)
  3 deep elf high priests
  2 catoblepae
  3 rakshasas
  4 shambling mangroves
  A hell beast (Gauntlet)
  14 anacondas
  14 naga warriors
  A ghost crab (Swamp:4)
  2 spriggan air magi (Depths:2)
  27 hydras
  An anaconda (shapeshifter) (Depths:5)
  11 ice dragons
  6 death knights
  A spectral fire giant (Crypt:3)
  7 tengu warriors
  14 centaur warriors
  8 alligators
  46 two-headed ogres
  Erica (D:8)
  8 deep troll shamans
  3 hell hogs
  11 deep troll earth magi
  6 orc high priests
  3 spectral storm dragons (Crypt:3)
  22 dancing weapons
  3 vampire magi
  5 spriggan berserkers
  9 naga sharpshooters
  Urug (D:10)
  4 shock serpents
  Nergalle (D:11)
  6 sun demons (Depths:5)
  10 soul eaters
  13 spriggans
  A storm dragon zombie (Vaults:5)
  A sixfirhy (Depths:4)
  2 fire crabs (shapeshifter)
  8 hell knights
  14 skeletal warriors
  6 iron trolls
  24 deep elf knights
  6 shadow wraiths
  4 salamander mystics
  3 unseen horrors
  A spark wasp zombie (Hell)
  A storm dragon skeleton (Crypt:1)
  4 spriggan druids (Swamp:4)
  3 spectral anacondas (Crypt:3)
  A tengu zombie (Vaults:5)
  An unseen horror (shapeshifter) (Vaults:5)
  11 flayed ghosts
  16 swamp dragons
  5 wizards
  An anaconda zombie (Crypt:3)
  A golden dragon zombie (Hell)
  A glowing orange brain (shapeshifter) (Vaults:5)
  A shadow dragon zombie (Crypt:3)
  5 sea snakes
  4 naga ritualists
  2 spectral wolf spiders
  31 deep trolls
  10 ironbrand convokers
  9 deep elf archers
  5 harpies (Vaults:4)
  22 phantasmal warriors
  2 glowing orange brains
  A lindwurm (shapeshifter) (Vaults:2)
  7 necromancers
  11 wolf spiders
  16 orc knights
  A glowing shapeshifter (D:15)
  A wolf spider (shapeshifter) (Vaults:5)
  2 spectral fire dragons (Crypt:3)
  65 deep elf magi
  7 mana vipers
  30 ugly things
  3 orc sorcerers
  19 moths of wrath
  5 cyclopes
  2 manticores
  16 salamanders
  A frost giant skeleton (Vaults:2)
  13 elephants
  A fire giant skeleton (Crypt:3)
  A water nymph (Volcano)
  A frost giant zombie (Vaults:1)
  29 black mambas
  17 guardian serpents
  18 naga magi
  2 rust devils (Depths:5)
  13 vault sentinels
  2 eyes of devastation
  An orange demon (Hell)
  2 stone giant skeletons
  3 molten gargoyles
  12 spiny frogs
  Maggie (D:7)
  A rime drake (Lair:2)
  A gargoyle (D:10)
  3 human zombies
  A death yak zombie (Crypt:3)
  2 minotaur zombies (Gauntlet)
  A sea snake zombie (Crypt:3)
  A rime drake (shapeshifter) (Depths:2)
  2 demonic crawlers
  7 komodo dragons
  19 freezing wraiths
  71 yaktaurs
  4 human skeletons
  A komodo dragon (shapeshifter) (Vaults:1)
  A purple draconian skeleton (Crypt:1)
  3 hellwings
  A green draconian skeleton (Crypt:3)
  A yaktaur skeleton (Vaults:2)
  An alligator snapping turtle skeleton (Crypt:2)
  2 ice devils
  3 tengu conjurers
  5 red devils
  A queen bee (shapeshifter) (Vaults:4)
  4 trolls
  A meliai (shapeshifter) (Crypt:2)
  A queen bee (D:8)
  A jumping spider (shapeshifter) (Vaults:1)
  A polar bear (Snake:4)
  A pale draconian skeleton (Crypt:3)
  A spectral harpy (Crypt:3)
  6 tyrant leeches
  A shadow dragon simulacrum (Crypt:3)
  A wind drake (shapeshifter) (Vaults:4)
  A wind drake (Vaults:5)
  5 blink frogs
  A raiju (shapeshifter) (D:15)
  Prince Ribbit (D:6)
  Grinder (D:5)
  23 hornets
  A wolf spider simulacrum (Crypt:3)
  5 hippogriffs
  2 hydra skeletons (Hell)
  22 slime creatures
  2 meliai zombies
  A large abomination (Crypt:2)
  15 bog bodies
  4 ettin zombies
  A spectral black mamba (Crypt:3)
  A dream sheep (shapeshifter) (Depths:5)
  6 shadows
  3 redbacks
  3 tarantellas (shapeshifter)
  A spriggan (shapeshifter) (Elf:1)
  61 yaks
  A dire elephant simulacrum (Crypt:3)
  2 water elementals
  3 air elementals
  2 ettin skeletons (Vaults:5)
  A tarantella (Vaults:3)
  7 wraiths
  4 wyverns
  8 fire elementals
  3 vampires
  2 fire bats (Volcano)
  Grum (D:8)
  3 hungry ghosts
  A chaos spawn (Crypt:2)
  A golden eye (Snake:3)
  A basilisk (shapeshifter) (Vaults:2)
  A steam dragon (shapeshifter) (Vaults:5)
  A hog (shapeshifter) (Vaults:2)
  A small abomination (Crypt:2)
  A warg (shapeshifter) (Vaults:5)
  2 steam dragons
  31 vampire mosquitoes
  A basilisk (D:11)
  A neqoxec (Depths:3)
  A spectral spiny frog (Crypt:3)
  Menkaure (D:6)
  9 wargs
  An infernal demonspawn zombie (Crypt:2)
  6 insubstantial wisps
  12 water moccasins
  22 swamp worms
  2 acid dragons (Vaults:1)
  A swamp worm (shapeshifter) (Vaults:3)
  5 hell hounds
  A soldier ant (D:11)
  48 nagas
  A floating eye (Snake:3)
  7 porcupines
  A sky beast (D:9)
  2 spiny frog skeletons (Hell)
  4 black bears
  A fire dragon simulacrum (Crypt:3)
  A hornet zombie (D:8)
  15 swamp drakes
  5 ice beasts
  55 orc warriors
  2 phantoms
  An eye of draining (shapeshifter) (Vaults:3)
  3 eyes of draining
  9 necrophages
  8 wolves
  33 ogres
  A snapping turtle skeleton (Crypt:2)
  4 boggarts
  25 centaurs
  A dream sheep skeleton (Crypt:3)
  4 big kobolds
  12 crocodiles
  14 bullfrogs
  A spectral human (Crypt:3)
  A bullfrog (shapeshifter) (Vaults:4)
  Blork the orc (D:5)
  2 earth elementals
  A gnoll sergeant (D:9)
  A water moccasin zombie (D:5)
  A wyvern skeleton (Crypt:2)
  A troll zombie (Crypt:1)
  2 scorpions
  19 killer bees
  A swamp dragon simulacrum (Crypt:3)
  A killer bee (shapeshifter) (Vaults:5)
  A snapping turtle simulacrum (Crypt:3)
  2 electric eels (D:14)
  A spriggan skeleton (Crypt:1)
  A wight (D:11)
  3 howler monkeys (D:12)
  A raiju skeleton (Crypt:1)
  6 crimson imps
  A wolf skeleton (Crypt:2)
  6 lava snakes (Volcano)
  4 centaur zombies
  2 quasits (D:9)
  A gnoll shaman (D:8)
  5 jellies
  A bullfrog zombie (D:6)
  26 orc wizards
  7 centaur skeletons
  34 orc priests
  A bullfrog skeleton (D:5)
  6 hounds
  2 iron imps
  Jessica (D:2)
  A demonspawn skeleton (Crypt:1)
  6 iguanas
  8 hell rats
  12 worker ants
  A killer bee zombie (D:8)
  2 wolf simulacra (Lair:6)
  An acid dragon skeleton (Crypt:1)
  A felid zombie (Crypt:2)
  A human simulacrum (Crypt:3)
  2 hound skeletons
  2 mummies (D:11)
  2 howler monkey zombies
  4 gnolls
  9 adders
  4 shadow imps
  A white imp (D:14)
  2 adder zombies (D:6)
  A worm zombie (Crypt:1)
  2 adder skeletons (D:4)
  2 dart slugs
  7 leopard geckos
  129 orcs
  5 giant cockroaches
  8 goblins
  8 hobgoblins
  11 jackals
  7 quokkas
  2 ball pythons
  A ball python (shapeshifter) (Depths:5)
  9 bats
  2 frilled lizards (D:1)
  25 kobolds
  2 leopard gecko skeletons
  6 rats
  2 briar patches (Swamp:1)
  2 crawling corpses (Elf:3)
2485 creatures vanquished.

Vanquished Creatures (collateral kills)
  An orb of fire (Zot:5)
  A thorn hunter (Swamp:3)
  A shadow dragon (Vaults:5)
  A sphinx (Vaults:5)
  2 vault wardens (Vaults:5)
  3 ettins (Vaults:5)
  A vault guard (Vaults:5)
  A hydra (Swamp:3)
  An ironbrand convoker (Vaults:5)
  An elephant (Lair:2)
  A komodo dragon (Swamp:4)
  4 slime creatures (Swamp:3)
  2 basilisks (Lair:2)
  A vampire mosquito (Swamp:4)
  A killer bee (D:8)
  A jackal (D:8)
23 creatures vanquished.

Vanquished Creatures (others)
  An ancient lich (Zot:5)
  Nikola (Vaults:1)
  A nagaraja (Snake:4)
  A fire giant (Depths:5)
  A draconian knight (Zot:3)
  A fire dragon (Depths:4)
  A spriggan druid (Swamp:4)
  A molten gargoyle (Hell)
  A hornet (Crypt:2)
  An alligator skeleton (Hell)
  An infernal demonspawn skeleton (Crypt:3)
  A killer bee (D:8)
  A spriggan zombie (Crypt:3)
  2 orcs (D:8)
  71 fungi
  35 plants
121 creatures vanquished.

Grand Total: 2629 creatures vanquished

Notes
Turn   | Place    | Note
-------+----------+-------------------------------------------
     0 | D:1      | oldriver the Halfling Assassin began the quest for the Orb.
     0 | D:1      | Reached XP level 1. HP: 14/14 MP: 1/1
   130 | D:1      | Reached XP level 2. HP: 19/19 MP: 2/2
   711 | D:1      | Reached XP level 3. HP: 24/24 MP: 3/3
  1381 | D:2      | Noticed Jessica
  1383 | D:2      | Killed Jessica
  1383 | D:2      | Reached XP level 4. HP: 29/29 MP: 4/4
  1761 | D:2      | Found a shimmering altar of Xom.
  1908 | D:3      | Reached skill level 5 in Stealth
  2196 | D:3      | Reached XP level 5. HP: 35/35 MP: 5/5
  3001 | D:4      | Noticed Pikel
  3001 | D:4      | Noticed a slave
  3001 | D:4      | Noticed a slave
  3001 | D:4      | Noticed a slave
  3001 | D:4      | Noticed a slave
  3296 | D:4      | Reached skill level 5 in Short Blades
  3296 | D:4      | Reached XP level 6. HP: 42/42 MP: 6/6
  3675 | D:4      | Got a brightly glowing dagger
  3704 | D:4      | Identified the +7 dagger of Nitahuh {freeze, *Corrode Dex+5
                  | SInv} (You found it on level 4 of the Dungeon)
  4295 | D:5      | Entered Level 5 of the Dungeon
  4330 | D:5      | Reached XP level 7. HP: 46/46 MP: 7/7
  4373 | D:5      | Noticed Blork the orc
  4388 | D:5      | Killed Blork the orc
  4585 | D:5      | Found an ancient bone altar of Kikubaaqudgha.
  5649 | D:5      | Reached XP level 8. HP: 35/54 MP: 8/8
  6131 | D:6      | Noticed Grinder
  6133 | D:6      | Paralysed by Grinder for 5 turns
  6148 | D:5      | Paralysed by Grinder for 5 turns
  6162 | D:5      | Killed Grinder
  6395 | D:6      | Found a staircase to the Ecumenical Temple.
  6419 | D:6      | Reached skill level 1 in Armour
  6423 | Temple   | Entered the Ecumenical Temple
  6950 | D:6      | Noticed Prince Ribbit
  6953 | D:6      | Reached XP level 9. HP: 59/59 MP: 9/9
  6956 | D:6      | Noticed Menkaure
  6958 | D:6      | Killed Prince Ribbit
  6966 | D:6      | Killed Menkaure
  7340 | D:7      | Noticed Maggie
  7351 | D:6      | Reached skill level 5 in Fighting
  7437 | D:7      | Found Githid's Magic Scroll Boutique.
  7445 | D:7      | Bought a scroll of identify for 30 gold pieces
  7445 | D:7      | Bought a scroll of fog for 30 gold pieces
  7582 | D:7      | Found a shimmering altar of Xom.
  7614 | D:7      | Killed Maggie
  7614 | D:7      | Reached skill level 5 in Slings
  7831 | D:7      | Found a glowing golden altar of the Shining One.
  8399 | D:8      | Reached skill level 1 in Shields
  8526 | D:8      | Reached XP level 10. HP: 50/66 MP: 10/10
  8795 | D:8      | Reached skill level 10 in Short Blades
  9639 | D:8      | Noticed Harold
  9640 | D:8      | Noticed Grum
  9879 | D:8      | Found a staircase to the Lair.
 10276 | D:8      | Found a snail-covered altar of Cheibriados.
 10285 | D:8      | Found a sparkling altar of Nemelex Xobeh.
 10831 | D:8      | Killed Grum
 10854 | D:8      | Found Ufeotuasch's Gadget Shoppe.
 10872 | D:8      | Reached skill level 5 in Dodging
 10958 | D:8      | Reached skill level 5 in Armour
 11436 | D:8      | Noticed a two-headed ogre
 11530 | D:8      | Killed Harold
 11530 | D:8      | Reached skill level 5 in Shields
 11530 | D:8      | Reached XP level 11. HP: 75/75 MP: 11/11
 11558 | D:8      | Killed a two-headed ogre
 12096 | D:9      | Noticed a two-headed ogre
 12313 | D:9      | Found a hide-covered altar of Uskayaw.
 12610 | D:9      | Noticed a two-headed ogre
 12759 | D:9      | Killed a two-headed ogre
 12766 | D:9      | Found a radiant altar of Vehumet.
 12771 | D:9      | Found a flagged portal.
 12845 | Bailey   | Entered a bailey
 13063 | Bailey   | Found a bloodstained altar of Trog.
 13274 | D:9      | Killed a two-headed ogre
 13863 | D:9      | Noticed a deep elf mage
 13867 | D:9      | Killed a deep elf mage
 13878 | D:9      | Reached XP level 12. HP: 46/85 MP: 12/12
 14078 | D:9      | Noticed a two-headed ogre
 14093 | D:9      | Killed a two-headed ogre
 14242 | D:9      | Noticed a catoblepas
 14259 | D:9      | Got an ancient robe
 14314 | D:9      | Identified the +1 robe of the Harp {rN++} (You found it on
                  | level 9 of the Dungeon)
 14331 | D:10     | Entered Level 10 of the Dungeon
 14504 | D:9      | Killed a catoblepas
 14748 | D:9      | Noticed a two-headed ogre
 14787 | D:9      | Killed a two-headed ogre
 14787 | D:9      | Reached skill level 10 in Fighting
 14914 | D:10     | Noticed Urug
 14936 | D:10     | Killed Urug
 15107 | D:10     | Found a staircase to the Orcish Mines.
 15146 | D:10     | Noticed a two-headed ogre
 15161 | D:10     | Killed a two-headed ogre
 15554 | Lair:1   | Entered Level 1 of the Lair of Beasts
 15639 | D:8      | Noticed Erica
 15654 | D:8      | Killed Erica
 15666 | D:8      | Became a worshipper of Nemelex Xobeh the Trickster
 15919 | Lair:1   | Reached skill level 10 in Slings
 15987 | Lair:1   | Received a gift from Nemelex Xobeh
 17089 | Lair:2   | Reached XP level 13. HP: 83/93 MP: 13/13
 17238 | Lair:2   | Got a heavily runed bone amulet
 17471 | Lair:2   | Reached skill level 10 in Dodging
 17481 | Lair:2   | Reached * piety under Nemelex Xobeh
 17582 | Lair:2   | Received a gift from Nemelex Xobeh
 17606 | Lair:2   | Identified the -1 hand axe of Xeownusch {flame, rElec
                  | Str+7}
 17956 | Lair:2   | Noticed Gastronok
 17966 | Lair:2   | Killed Gastronok
 17976 | Lair:2   | Identified the amulet of Psychosis {Reflect *Corrode rN++
                  | Dex+4 SH+5} (You found it on level 2 of the Lair of Beasts)
 18916 | Lair:3   | Found an ancient bone altar of Kikubaaqudgha.
 19073 | Lair:3   | You fall into a shaft and drop 1 floor!
 19073 | Lair:4   | Received a gift from Nemelex Xobeh
 19082 | Lair:4   | Reached ** piety under Nemelex Xobeh
 19528 | Lair:4   | Found a dark tunnel.
 19536 | Volcano  | Entered a volcano
 20062 | Volcano  | Found a burning altar of Makhleb.
 20062 | Volcano  | Noticed an ogre mage
 20068 | Volcano  | an ogre mage changed into a swamp worm
 20111 | Volcano  | Noticed a red draconian
 20136 | Volcano  | Killed a red draconian
 20620 | Lair:4   | Found a runed translucent door.
 20620 | Lair:4   | Noticed Xeituj's ghost (journeyman GnEn)
 20759 | Lair:4   | Received a gift from Nemelex Xobeh
 20928 | Lair:3   | Reached XP level 14. HP: 102/102 MP: 16/16
 21507 | Lair:4   | Found a staircase to the Snake Pit.
 21750 | Lair:4   | Reached *** piety under Nemelex Xobeh
 22464 | Lair:4   | Found a staircase to the Swamp.
 23249 | Lair:4   | Reached skill level 5 in Invocations
 23869 | Lair:5   | Received a gift from Nemelex Xobeh
 24067 | Lair:6   | Entered Level 6 of the Lair of Beasts
 24067 | Lair:6   | Found a gate leading to a gauntlet.
 24186 | Gauntlet | Entered a Gauntlet
 24186 | Gauntlet | Found a transporter.
 24190 | Gauntlet | Found a transporter.
 24210 | Gauntlet | Found a transporter.
 24210 | Gauntlet | Found a transporter.
 24227 | Gauntlet | Found a transporter.
 24237 | Gauntlet | Reached **** piety under Nemelex Xobeh
 24240 | Gauntlet | Found a transporter.
 24253 | Gauntlet | Found a transporter.
 24274 | Gauntlet | Found a transporter.
 24276 | Gauntlet | Found a transporter.
 24285 | Gauntlet | Found a transporter.
 24308 | Gauntlet | Found a transporter.
 24312 | Gauntlet | Found a transporter.
 24786 | Gauntlet | Got a pair of fine boots
 24799 | Gauntlet | Identified the +0 pair of boots of the Elven Halls {Dex+2}
                  | (You found it in a Gauntlet)
 24882 | Gauntlet | Noticed a minotaur
 24917 | Gauntlet | Killed a minotaur
 25237 | Lair:6   | Found a staircase to the Slime Pits.
 25397 | Lair:6   | Received a gift from Nemelex Xobeh
 26340 | D:10     | Found a roughly hewn altar of Beogh.
 26560 | D:10     | Received a gift from Nemelex Xobeh
 27361 | D:11     | Noticed Nergalle
 27392 | D:11     | Killed Nergalle
 27392 | D:11     | Reached XP level 15. HP: 107/109 MP: 19/19
 27751 | D:11     | Found a runed translucent door.
 27754 | D:11     | Identified the +7 trident of Alouhut {vorpal, MR+ Dex+4}
 27756 | D:11     | Noticed Onakli's ghost (journeyman DsFi)
 28093 | D:11     | Identified 2 scrolls of acquirement
 28093 | D:11     | Acquired a manual of Evocations
 28095 | D:11     | Acquired the +10 fustibalus of the Protecting Puffin
                  | {venom, +Blink}
 28198 | D:11     | Reached skill level 1 in Evocations
 28702 | D:12     | Reached ***** piety under Nemelex Xobeh
 28716 | D:12     | Received a gift from Nemelex Xobeh
 29324 | D:12     | Identified the +3 hand axe of the Shore {vamp, rF- Str+3
                  | Dex+3}
 29334 | D:12     | Noticed a stone giant
 29355 | D:12     | Noticed a frost giant
 29403 | D:12     | Reached skill level 5 in Evocations
 29764 | D:12     | Killed a stone giant
 29885 | Orc:1    | Entered Level 1 of the Orcish Mines
 29885 | Orc:1    | Found Vetalyg's General Store.
 29965 | Orc:1    | Bought a scroll of identify for 26 gold pieces
 30527 | Orc:1    | Bought a scroll of enchant weapon for 97 gold pieces
 30527 | Orc:1    | Bought a scroll of identify for 26 gold pieces
 30530 | Orc:2    | Entered Level 2 of the Orcish Mines
 30533 | Orc:1    | Received a gift from Nemelex Xobeh
 30682 | Orc:2    | Paralysed by an orc sorcerer for 4 turns
 30767 | Orc:2    | Noticed a stone giant
 30775 | Orc:2    | Killed a stone giant
 30925 | Orc:2    | Found a staircase to the Elven Halls.
 31139 | Orc:2    | Noticed Donald
 31166 | Orc:2    | Killed Donald
 31307 | Orc:2    | Received a gift from Nemelex Xobeh
 32178 | Orc:2    | Reached XP level 16. HP: 108/117 MP: 21/23
 32463 | Orc:2    | Found Qumo's Gadget Emporium.
 32466 | Orc:2    | Found Babram's Assorted Antiques.
 32467 | Orc:2    | Found Weokokh's Antique Armour Emporium.
 32468 | Orc:2    | Found Haunypax's Gadget Emporium.
 32479 | Orc:2    | Bought a glowing helmet for 247 gold pieces
 32486 | Orc:2    | Bought a scroll of acquirement for 1612 gold pieces
 32488 | Orc:2    | Acquired 510 gold pieces
 32494 | Orc:2    | Bought a phantom mirror for 360 gold pieces
 32635 | D:12     | Killed a frost giant
 32635 | D:12     | Reached skill level 10 in Evocations
 33143 | D:13     | Received a gift from Nemelex Xobeh
 33326 | D:13     | Got an amber-encrusted ring mail
 33379 | D:13     | Identified the cursed +0 ring mail of Dafrup {Str-3 Dex+6}
                  | (You found it on level 13 of the Dungeon)
 33677 | D:14     | Received a gift from Nemelex Xobeh
 34408 | D:14     | Found a gate to the Vaults.
 34578 | D:14     | Received a gift from Nemelex Xobeh
 34804 | D:15     | Entered Level 15 of the Dungeon
 34881 | D:15     | Noticed Rupert
 34913 | D:15     | Killed Rupert
 35075 | D:15     | Reached skill level 10 in Armour
 35410 | D:15     | Received a gift from Nemelex Xobeh
 35470 | D:15     | Found a runed translucent door.
 35470 | D:15     | Noticed DeepDeath's ghost (adept FoSk)
 35749 | D:15     | Found a staircase to the Depths.
 35861 | D:15     | Acquired a manual of Armour
 36412 | Swamp:1  | Entered Level 1 of the Swamp
 36416 | Swamp:1  | Received a gift from Nemelex Xobeh
 36546 | Swamp:1  | Found a transporter.
 37116 | Swamp:1  | Received a gift from Nemelex Xobeh
 37140 | Swamp:1  | Found a transporter.
 37966 | Swamp:1  | Reached XP level 17. HP: 125/125 MP: 25/25
 38209 | Swamp:2  | Received a gift from Nemelex Xobeh
 39485 | Swamp:2  | Received a gift from Nemelex Xobeh
 39557 | Swamp:2  | Noticed Jorgrun
 39561 | Swamp:2  | Killed Jorgrun
 40040 | Swamp:3  | Found a runed translucent door.
 40040 | Swamp:3  | Noticed kulwych's ghost (adept HOFi)
 40284 | Swamp:3  | Noticed a thorn hunter
 40303 | Swamp:3  | Killed a thorn hunter
 41016 | Swamp:3  | Received a gift from Nemelex Xobeh
 41528 | Snake:1  | Entered Level 1 of the Snake Pit
 41822 | Snake:1  | Identified the +4 scimitar "Upriol" {venom, rPois rF+}
 41822 | Snake:1  | Identified the +10 mace of Watchfulness {flame, Dex+4}
 41991 | Snake:1  | Noticed reptisaurus's ghost (journeyman HaAr)
 41995 | Snake:1  | Found a transporter.
 42539 | Snake:1  | Found a transporter.
 42540 | Snake:1  | Found a bloodstained altar of Trog.
 42623 | Snake:1  | Found Weasch's Gadget Shoppe.
 42874 | Snake:2  | Reached XP level 18. HP: 133/133 MP: 26/26
 42882 | Snake:2  | You fall into a shaft and drop 1 floor!
 43054 | Snake:3  | Found a transporter.
 43059 | Snake:3  | Found a transporter.
 43062 | Snake:3  | Received a gift from Nemelex Xobeh
 43154 | Snake:2  | Found Viunlas's Gadget Shoppe.
 43155 | Snake:2  | Found Piceeb's Jewellery Boutique.
 43160 | Snake:2  | Reached skill level 15 in Fighting
 43564 | Snake:2  | Found Tika's Gadget Shoppe.
 43743 | Snake:2  | Reached ****** piety under Nemelex Xobeh
 43852 | Snake:2  | Reached skill level 15 in Armour
 43917 | Snake:2  | Received a gift from Nemelex Xobeh
 44361 | Snake:2  | Reached skill level 10 in Invocations
 44919 | Snake:3  | Received a gift from Nemelex Xobeh
 44972 | Snake:3  | Paralysed by a floating eye for 3 turns
 45704 | Snake:3  | Noticed Moeloycvei's ghost (adept GnFi)
 46156 | Snake:4  | Entered Level 4 of the Snake Pit
 46213 | Snake:4  | Found Weiquips's Book Shop.
 46213 | Snake:4  | Found Watyl's Weapon Boutique.
 46319 | Snake:4  | Found Moemosk's Antique Weapon Shop.
 46538 | Snake:4  | Received a gift from Nemelex Xobeh
 47497 | Snake:4  | Reached XP level 19. HP: 123/141 MP: 28/28
 47631 | Snake:4  | Noticed Aizul
 47659 | Snake:4  | Killed Aizul
 48390 | Snake:4  | Found a sparkling altar of Nemelex Xobeh.
 49502 | Snake:4  | Reached skill level 15 in Dodging
 49807 | Snake:4  | Got a serpentine rune of Zot
 49888 | Snake:2  | Bought a phantom mirror for 420 gold pieces
 50096 | Swamp:4  | Entered Level 4 of the Swamp
 50096 | Swamp:4  | Noticed Mara
 50103 | Swamp:3  | Noticed oldriver's illusion
 50124 | Swamp:3  | Killed Mara
 50431 | Swamp:4  | Received a gift from Nemelex Xobeh
 51055 | Swamp:4  | Reached skill level 10 in Stealth
 51327 | Swamp:4  | Reached XP level 20. HP: 140/149 MP: 29/29
 51614 | Swamp:4  | Got a decaying rune of Zot
 51661 | Swamp:4  | Received a gift from Nemelex Xobeh
 52668 | Orc:1    | Found Zepeyty's Assorted Antiques.
 52723 | Orc:1    | Bought a scroll of teleportation for 102 gold pieces
 52968 | Vaults:1 | Entered Level 1 of the Vaults
 53228 | Vaults:1 | Received a gift from Nemelex Xobeh
 53613 | Vaults:1 | Noticed Nikola
 53623 | Vaults:1 | Killed Nikola
 54561 | Vaults:1 | Paralysed by an ogre mage for 4 turns
 54580 | Vaults:1 | Paralysed by an ogre mage for 4 turns
 54774 | Vaults:1 | Received a gift from Nemelex Xobeh
 55047 | Vaults:1 | Reached skill level 10 in Shields
 55940 | Vaults:2 | Received a gift from Nemelex Xobeh
 56829 | Vaults:2 | Paralysed by a great orb of eyes for 7 turns
 57276 | Vaults:1 | Reached XP level 21. HP: 145/156 MP: 30/30
 57705 | Vaults:2 | Received a gift from Nemelex Xobeh
 58314 | Vaults:3 | Found a huge runed gate.
 58314 | Vaults:3 | Found a huge runed gate.
 58314 | Vaults:3 | Found a huge runed gate.
 58314 | Vaults:3 | Found a huge runed gate.
 58314 | Vaults:3 | Found a huge runed gate.
 58314 | Vaults:3 | Found a huge runed gate.
 58315 | Vaults:3 | Found a huge runed gate.
 58315 | Vaults:3 | Found a huge runed gate.
 58315 | Vaults:3 | Found a huge runed gate.
 58315 | Vaults:3 | Found a huge runed gate.
 58318 | Vaults:3 | Found a huge runed gate.
 58318 | Vaults:3 | Found a huge runed gate.
 58318 | Vaults:3 | Found a huge runed gate.
 58318 | Vaults:3 | Found a huge runed gate.
 58318 | Vaults:3 | Found a huge runed gate.
 58318 | Vaults:3 | Found a huge runed gate.
 58318 | Vaults:3 | Found a huge runed gate.
 58345 | Vaults:3 | Received a gift from Nemelex Xobeh
 59598 | Vaults:3 | Received a gift from Nemelex Xobeh
 59663 | Vaults:3 | Found Tyitz's Armour Shop.
 60005 | Vaults:3 | Found a huge runed gate.
 60006 | Vaults:3 | Found a huge runed gate.
 60014 | Vaults:3 | Found a huge runed gate.
 60014 | Vaults:3 | Found a huge runed gate.
 60014 | Vaults:3 | Found a huge runed gate.
 60014 | Vaults:3 | Found a huge runed gate.
 60014 | Vaults:3 | Found a huge runed gate.
 60014 | Vaults:3 | Found a huge runed gate.
 60014 | Vaults:3 | Found a huge runed gate.
 60015 | Vaults:3 | Found a huge runed gate.
 60016 | Vaults:3 | Found a huge runed gate.
 60025 | Vaults:3 | Found a huge runed gate.
 60025 | Vaults:3 | Found a huge runed gate.
 60025 | Vaults:3 | Found a huge runed gate.
 60025 | Vaults:3 | Found a huge runed gate.
 60025 | Vaults:3 | Found a huge runed gate.
 60025 | Vaults:3 | Found a huge runed gate.
 60026 | Vaults:3 | Found a huge runed gate.
 60127 | Vaults:3 | Found a huge runed gate.
 60174 | Vaults:3 | Received a gift from Nemelex Xobeh
 60767 | Vaults:3 | Found a staircase to the Crypt.
 60866 | Vaults:4 | Paralysed by an ogre mage for 2 turns
 60877 | Vaults:4 | Received a gift from Nemelex Xobeh
 61357 | Vaults:4 | Received a gift from Nemelex Xobeh
 61935 | Vaults:4 | Found Inwe's Antique Weapon Shop.
 62303 | Vaults:4 | Reached XP level 22. HP: 162/162 MP: 31/31
 62410 | Vaults:4 | Received a gift from Nemelex Xobeh
 63662 | Depths:1 | Entered Level 1 of the Depths
 64273 | Depths:1 | Received a gift from Nemelex Xobeh
 64424 | Depths:1 | Found a shattered altar of Ashenzari.
 65017 | Depths:1 | Found a gateway to Hell.
 65098 | Depths:1 | Received a gift from Nemelex Xobeh
 66938 | Depths:2 | Reached XP level 23. HP: 131/169 MP: 32/32
 67167 | Depths:2 | Noticed a juggernaut
 67373 | Orc:2    | Bought a distressingly furry chain mail for 294 gold pieces
 67374 | Orc:2    | Identified the +9 chain mail of the Other Side {Int+4} (You
                  | bought it in a shop on level 2 of the Orcish Mines)
 67536 | D:8      | Bought a phantom mirror for 390 gold pieces
 67779 | Swamp:1  | Got a fine bronze ring
 67782 | Swamp:1  | Got a faintly humming helmet
 67786 | Swamp:1  | Identified the +0 helmet of Ymooc {*Slow rC+ rCorr Int+2}
                  | (You found it on level 1 of the Swamp)
 67787 | Swamp:1  | Identified the ring "Awelaz" {Dex+2 Stlth-} (You found it
                  | on level 1 of the Swamp)
 68312 | Depths:2 | Killed a juggernaut
 68903 | Depths:2 | Received a gift from Nemelex Xobeh
 69251 | Depths:2 | Reached skill level 15 in Shields
 69844 | Crypt:1  | Entered Level 1 of the Crypt
 71231 | Vaults:3 | Cast into level 3 of the Abyss (a deep elf sorcerer)
 71255 | Vaults:3 | Escaped the Abyss
 71282 | Vaults:3 | Identified the +5 hand crossbow of Omyudie {vorpal, Dex+2}
 71437 | Vaults:3 | Got a bound golden amulet
 71453 | Vaults:3 | Identified the amulet of Kopemor {RegenMP +Inv rF+ Str+7}
                  | (You found it on level 3 of the Vaults)
 71674 | Elf:1    | Entered Level 1 of the Elven Halls
 72022 | Elf:1    | Received a gift from Nemelex Xobeh
 72323 | Elf:1    | Found Puitziar's Book Shop.
 73604 | Elf:2    | Found Jisackerph's Assorted Antiques.
 73770 | Elf:2    | Reached XP level 24. HP: 177/177 MP: 32/32
 73791 | Elf:2    | Found Gufeoxuj's Jewellery Emporium.
 73884 | Elf:2    | Found Qodoora's Magic Scroll Shoppe.
 73887 | Elf:2    | Bought a scroll of teleportation for 45 gold pieces
 73887 | Elf:2    | Bought a scroll of teleportation for 45 gold pieces
 73887 | Elf:2    | Bought a scroll of fear for 52 gold pieces
 73887 | Elf:2    | Bought a scroll of blinking for 112 gold pieces
 73918 | Elf:2    | Received a gift from Nemelex Xobeh
 73949 | Elf:2    | Found Wuesk's Gadget Shoppe.
 74257 | Elf:2    | Found a runed translucent gate.
 74257 | Elf:2    | Found a runed translucent gate.
 74257 | Elf:2    | Found a runed translucent gate.
 74327 | Elf:2    | Bought a phantom mirror for 390 gold pieces
 75885 | Elf:3    | Entered Level 3 of the Elven Halls
 75976 | Elf:3    | Found Pamubry's Armour Boutique.
 76259 | Elf:3    | Identified the ring "Wezy" {+Fly rF+ rC+}
 77312 | Elf:3    | Identified the +10 rapier "Taifipun" {freeze, +Fly rF-
                  | rN+++ Int+3}
 77423 | Elf:3    | Identified the +10 short sword "Giana" {freeze, Int+4}
 77552 | Elf:3    | Got a distressingly furry ring mail
 77553 | Elf:3    | Identified the +0 ring mail of Failure {+Inv rElec rC+
                  | Str-5} (You found it on level 3 of the Elven Halls)
 77695 | Elf:3    | Identified the +5 hand axe "Catoal" {vorpal, rC+}
 77712 | Elf:3    | Received a gift from Nemelex Xobeh
 78342 | Elf:3    | Identified the +9 whip of Emumam {antimagic, *Noise rC+ rN+
                  | SInv}
 78342 | Elf:3    | Identified the +1 chain mail "Azaapenu" {rElec rF+ MR+
                  | Str+2 Stlth-}
 78437 | Elf:3    | Identified the +6 shortbow of Vikkie {freeze, rF+}
 78462 | Elf:3    | Found the +0 sword of Power
 78471 | Elf:3    | Identified Ytitaem's Almanac of Lightness and Translocation
 78495 | Elf:3    | Identified Further Steps in Spellcraft
 78501 | Elf:3    | Identified a +2 pair of boots of running (You found it on
                  | level 3 of the Elven Halls)
 78911 | Elf:3    | Identified the +11 dagger of Gozag's Esteem {venom, rF+}
 79370 | Depths:3 | Found a one-way gate leading to the halls of Pandemonium.
 79458 | Depths:3 | Gained mutation: Your magical capacity is low. (-10% MP) [a
                  | neqoxec]
 79606 | Depths:3 | Received a gift from Nemelex Xobeh
 79817 | Depths:3 | Found a runed translucent door.
 79823 | Depths:3 | Found a runed translucent door.
 80131 | Depths:3 | Received a gift from Nemelex Xobeh
 80319 | Depths:3 | Reached XP level 25. HP: 156/183 MP: 29/29
 80540 | Depths:3 | Found a runed translucent door.
 80543 | Depths:3 | Found a radiant altar of Vehumet.
 80544 | Depths:3 | Noticed an ancient lich
 80753 | Depths:4 | Found Gaweqax's Food Emporium.
 82060 | Depths:4 | Reached skill level 15 in Stealth
 82868 | Depths:4 | Received a gift from Nemelex Xobeh
 83022 | Depths:4 | Noticed a caustic shrike
 83184 | Depths:4 | Killed a caustic shrike
 84971 | Vaults:3 | Bought quicksilver dragon scales for 720 gold pieces
 85353 | D:15     | Killed DeepDeath's ghost
 86572 | Vaults:5 | Entered Level 5 of the Vaults
 86595 | Vaults:5 | Reached XP level 26. HP: 183/189 MP: 29/29
 86759 | Vaults:5 | Identified the +7 rapier of Peace {vorpal, rPois Dex+4}
 86807 | Vaults:5 | Identified the +0 hand axe "Coudutuk" {venom, Dex+2}
 86807 | Vaults:5 | Identified the +1 long sword of Darkness {vorpal, MR+ MP+9
                  | Int+4}
 87126 | Vaults:5 | Noticed an ancient lich
 87184 | Vaults:5 | Killed an ancient lich
 88174 | Vaults:5 | Identified the amulet "Iqumul" {Acrobat rF+}
 89338 | Vaults:4 | Reached XP level 27. HP: 194/198 MP: 30/30
 89649 | Vaults:5 | Identified the +6 long sword "Taanang" {freeze, rC+ Str-5
                  | Int+4}
 89656 | Vaults:5 | Noticed a juggernaut
 89656 | Vaults:5 | a titan changed into a juggernaut
 90085 | Vaults:5 | Killed a juggernaut
 91122 | Vaults:5 | Noticed a shard shrike
 91122 | Vaults:5 | a golden dragon changed into a shard shrike
 91125 | Vaults:5 | a shard shrike changed into a titan
 91129 | Vaults:5 | Noticed a juggernaut
 91129 | Vaults:5 | a titan changed into a juggernaut
 91131 | Vaults:5 | a juggernaut changed into a golden dragon
 91372 | Vaults:4 | Acquired 1450 gold pieces
 91955 | Orc:1    | Bought a scroll labeled TAS ZIKYUNWOTIETT for 34 gold
                  | pieces
 91955 | Orc:1    | Bought a scroll of enchant weapon for 255 gold pieces
 91955 | Orc:1    | Bought a scroll of enchant weapon for 255 gold pieces
 92734 | Vaults:5 | Found the +3 sling "Punk" {acid, rCorr}
 92899 | Vaults:5 | Received a gift from Nemelex Xobeh
 93008 | Vaults:5 | Got a silver rune of Zot
 93385 | Depths:5 | Entered Level 5 of the Depths
 93437 | Depths:5 | Found a gateway to a ziggurat.
 93496 | Depths:5 | Received a gift from Nemelex Xobeh
 93644 | Depths:5 | Found a gate to the Realm of Zot.
 93935 | Depths:5 | Noticed a juggernaut
 94843 | Depths:5 | Found a one-way gate to the infinite horrors of the Abyss.
 94956 | Depths:5 | Reached skill level 15 in Invocations
 95719 | Depths:5 | Killed a juggernaut
 96077 | Zot:1    | Entered Level 1 of the Realm of Zot
 96378 | Zot:1    | Received a gift from Nemelex Xobeh
 97556 | Zot:1    | Received a gift from Nemelex Xobeh
 97643 | Zot:1    | Identified the ring of Levity {*Tele Dex+5}
 99601 | Zot:2    | Noticed a Killer Klown
 99643 | Zot:2    | Killed a Killer Klown
101288 | Zot:2    | Found a transporter.
101299 | Zot:2    | Received a gift from Nemelex Xobeh
101319 | Zot:2    | Found the +0 mask of the Dragon {MR+ Slay+3 SInv}
103809 | Crypt:2  | Received a gift from Nemelex Xobeh
105745 | Crypt:2  | Found a runed translucent gate.
105745 | Crypt:2  | Found a runed translucent gate.
105745 | Crypt:2  | Found a runed translucent gate.
105802 | Crypt:2  | Noticed Mennas
105957 | Crypt:2  | Killed Mennas
106517 | Crypt:2  | Received a gift from Nemelex Xobeh
107020 | Crypt:3  | Entered Level 3 of the Crypt
107020 | Crypt:3  | Found a staircase to the Tomb.
107873 | Crypt:3  | Received a gift from Nemelex Xobeh
109180 | Zot:3    | Reached skill level 1 in Maces & Flails
110432 | Zot:3    | Reached skill level 5 in Maces & Flails
110449 | Zot:3    | Received a gift from Nemelex Xobeh
112783 | Crypt:3  | Received a gift from Nemelex Xobeh
114574 | Crypt:3  | Identified the +9 morningstar of Fomn {speed, rElec Str-4
                  | Int+5 SInv}
115037 | Crypt:3  | Identified the Handbook of Darkness
116528 | Snake:1  | Bought a phantom mirror for 510 gold pieces
116528 | Snake:1  | Bought a phantom mirror for 510 gold pieces
116528 | Snake:1  | Bought a wand of acid (11) for 510 gold pieces
116528 | Snake:1  | Bought a wand of digging (5) for 306 gold pieces
116928 | Hell     | Entered the Vestibule of Hell
116928 | Hell     | Noticed Geryon
117127 | Depths:5 | Reached skill level 10 in Maces & Flails
119805 | Zot:4    | Received a gift from Nemelex Xobeh
120971 | Zot:4    | Received a gift from Nemelex Xobeh
121781 | Zot:5    | Entered Level 5 of the Realm of Zot
122454 | Zot:5    | Received a gift from Nemelex Xobeh
123671 | Zot:5    | Noticed a Killer Klown
123671 | Zot:5    | Noticed a Killer Klown
123781 | Zot:5    | Noticed an orb of fire
123820 | Zot:5    | Killed a Killer Klown
123842 | Zot:5    | Noticed an ancient lich
123899 | Zot:5    | Killed an ancient lich
124225 | Zot:5    | Killed an orb of fire
124275 | Zot:5    | Noticed an orb of fire
124296 | Zot:5    | Gained mutation: You tend to lose your temper in combat.
                  | [an orb of fire]
124298 | Zot:5    | Noticed a Killer Klown
124298 | Zot:5    | Gained mutation: Your magical capacity is very low. (-20%
                  | MP) [an orb of fire]
124307 | Zot:5    | Gained mutation: Armour fits poorly on your strangely
                  | shaped body. [an orb of fire]
124308 | Zot:5    | Killed an orb of fire
124312 | Zot:5    | Killed a Killer Klown
124394 | Zot:5    | Noticed a Killer Klown
124439 | Zot:5    | Killed a Killer Klown
124487 | Zot:5    | Noticed a Killer Klown
124548 | Zot:5    | Killed a Killer Klown
124632 | Zot:5    | Noticed a Killer Klown
124668 | Zot:5    | Killed a Killer Klown
124712 | Zot:5    | Noticed an ancient lich
124747 | Zot:5    | Noticed a Killer Klown
124751 | Zot:5    | Noticed an orb of fire
124762 | Zot:5    | Noticed an orb of fire
124795 | Zot:4    | Killed a Killer Klown
124860 | Zot:5    | Noticed a Killer Klown
124912 | Zot:4    | Killed a Killer Klown
124989 | Zot:5    | Killed an orb of fire
125015 | Zot:5    | Gained mutation: You are weak. (Str -2) [an orb of fire]
125040 | Zot:5    | Killed an orb of fire
125468 | Zot:5    | Killed a Killer Klown
125634 | Zot:5    | Noticed a Killer Klown
125668 | Zot:5    | Killed a Killer Klown
126824 | Zot:5    | Killed an ancient lich
127646 | Zot:5    | Lost mutation: Your magical capacity is very low. (-20% MP)
                  | [potion of mutation]
127646 | Zot:5    | Lost mutation: Your magical capacity is low. (-10% MP)
                  | [potion of mutation]
127646 | Zot:5    | Gained mutation: You have a beak for a mouth. [potion of
                  | mutation]
127646 | Zot:5    | Gained mutation: You have an increased reservoir of magic.
                  | (+10% MP) [potion of mutation]
127647 | Zot:5    | Lost mutation: You are weak. (Str -2) [potion of mutation]
127647 | Zot:5    | Lost mutation: You have a beak for a mouth. [potion of
                  | mutation]
127647 | Zot:5    | Lost mutation: You tend to lose your temper in combat.
                  | [potion of mutation]
127647 | Zot:5    | Gained mutation: You are somewhat resistant to both further
                  | mutation and mutation removal. [potion of mutation]
127648 | Zot:5    | Lost mutation: Armour fits poorly on your strangely shaped
                  | body. [potion of mutation]
127648 | Zot:5    | Lost mutation: You are somewhat resistant to both further
                  | mutation and mutation removal. [potion of mutation]
127737 | Zot:5    | Got the Orb of Zot
128006 | D:12     | Noticed Ketteac the pandemonium lord
128253 | D:$      | Escaped with the Orb!

Illustrated notes

Levels and vault maps discovered:
D:1:      psy_arrival_fountain, layout_loops_ring, serial_rivers,
          chequers_serial_rivers_room_a, chequers_serial_rivers_micro_a,
          chequers_serial_rivers_small_3, chequers_serial_rivers_small_a,
          chequers_serial_rivers_micro_e, chequers_serial_rivers_micro_d
D:2:      layout_loops_cross, overflow_temple_1_default, first_ration,
          uniq_jessica
D:3:      layout_basic
D:4:      layout_cave_pods, minivault_4, minmay_misc_feat_hallway, uniq_pikel
D:5:      layout_gridville, lemuel_doored_altar, uniq_blork_the_orc
D:6:      layout_cave_pools, minmay_temple_entry_statues_pillars, uniq_grinder,
          uniq_menkaure, uniq_prince_ribbit1
D:7:      layout_rooms, basic_altar, serial_shops, shop_scrolls,
          corexii_item_surrounded_by_moat, tso_altar, uniq_maggie
D:8:      layout_loops_corners, nicolae_overflow_hidden_temple,
          due_lair_maze_entry_diamond, special_room [special_room_orc],
          serial_shops, nicolae_shop_competitors_out_of_business,
          david_nohive_1, uniq_harold, uniq_grum, uniq_erica
D:9:      hangedman_cross_veins, layout_irregular_city, vehumet_altar_wand_db,
          nicolae_overflow_crystal_walls, enter_bailey_6
D:10:     layout_rooms, minmay_orc_entry_temple_small, st_stairs_10, uniq_urug
D:11:     minmay_bubble_buster, layout_loops_ring, serial_undead,
          serial_undead_e, serial_undead_b, serial_undead_e, serial_undead_f,
          ebering_ghost_funeral_grove, uniq_nergalle
D:12:     minmay_tile_spiral, layout_basic
D:13:     layout_irregular_city
D:14:     layout_loops_cross, david_vaults_4, minivault_4
D:15:     hangedman_depths_entry_civil_slaughter, layout_irregular_city,
          ebering_ghost_inner_flame, grunt_ministairs_10, uniq_rupert
Temple:   nicolae_temple_elliptical
Lair:1:   layout_loops_ring
Lair:2:   beast_lair_carwin_large_2, layout_small_grid, serial_forest,
          infiniplex_forest_lined_room_, infiniplex_forest_lined_room_,
          infiniplex_forest_straight_3, infiniplex_forest_corner_2,
          infiniplex_forest_3_way, infiniplex_forest_lined_3_way,
          infiniplex_forest_clump_curved, lemuel_fruit_tree, uniq_gastronok
Lair:3:   layout_regular_city, basic_altar, patterned_corridor
Lair:4:   layout_hall_layers, palyth_hydra_swamp_entry,
          minmay_snake_entry_guardpost_small, hellmonk_ghost_happy_afterlife,
          enter_volcano_1
Lair:5:   layout_regular_city
Lair:6:   cheibrodos_lair_end_hotspot, layout_cave_pods,
          minmay_slime_entry_pillars, gauntlet_entry_generic,
          eino_house_with_fridge
Swamp:1:  gammafunk_worm_tunnel, layout_falls_marsh, serial_swamp_ruin,
          evilmike_swamp_ruin_house_1, evilmike_swamp_ruin_house_2, swamp_pool3,
          st_swamp_ruins_3
Swamp:2:  layout_basic_swamp, hangedman_swamp_pad, swamp_pool3,
          hangedman_swamp_ravenous, uniq_jorgrun
Swamp:3:  cheibrodos_swamp_heart_of_darkness, layout_basic_swamp,
          gammafunk_ghost_grave, evilmike_swamp_ruin_rubble_2, swamp_pool1
Swamp:4:  swamp, layout_basic_swamp, uniq_mara
Snake:1:  layout_gridlike, gammafunk_ghost_wrathful_warriors, serial_shops, shop
Snake:2:  layout_misc_corridors, minmay_shop_grove, serial_bayou_shore_a
Snake:3:  layout_chambers, gammafunk_ghost_berserking_beasts, minmay_snake_pond
Snake:4:  grunt_snake_rune_serpentine_throne, layout_basic, basic_altar,
          serial_shops, shop, minmay_shoptagon, uniq_aizul
Orc:1:    layout_caves, serial_shops, shop, shop, nicolae_orc_tapped_out
Orc:2:    st_orc_pillars, layout_diamond_mine, nicolae_orc_lava_room,
          uniq_donald
Elf:1:    elf_arrival_002, layout_geoelf_octagon, serial_shops,
          nicolae_shop_statue_plus, hangedman_corner_corridor,
          corexii_checkpoint_b, small_statue_intersection, grunt_ministairs_11
Elf:2:    layout_geoelf_octagon, serial_shops, nicolae_shop_trees,
          nicolae_shop_window_shopping, nicolae_shop_behind_doors,
          nicolae_shop_crystal, sword_in_stone
Elf:3:    grunt_elf_hall_spiral, layout_geoelf_octagon, serial_shops, shop_coins
Vaults:1: v_misc_8, hangedman_vaults_locks, nicolae_vaults_asterisk, v_misc_23,
          nicolae_vaults_shelves_hall, ontoclasm_vaults_shuriken,
          nicolae_vaults_asterisk, vaults_room_hallway, layout_vaults_quadrants,
          uniq_nikola
Vaults:2: nicolae_vaults_little_squares_1, v_misc_11,
          vaults_standard_mumra_enter_the_diamond, hangedman_vaults_capsules,
          nicolae_vaults_border_crossing, v_rooms_3, grunt_vaults_focal,
          vaults_mumra_hexcomb, vaults_dpeg_hooks, vaults_dpeg_diagonal,
          layout_vaults_chaotic_city
Vaults:3: minmay_crypt_entry_simple_box, ontoclasm_vaults_hangar,
          vaults_door_vault, v_alt_pattern_4, vaults_room_large_hall,
          grunt_vaults_funnel, hangedman_vaults_maws, v_misc_18, v_misc_10,
          ontoclasm_vaults_bender, nicolae_vaults_network_square,
          hangedman_vaults_corner_blocks, nicolae_vaults_three_branches,
          v_misc_16, layout_vaults_omnibox, serial_shops, shop_fountains
Vaults:4: vaults_room_pool, vaults_dpeg_doors, vaults_room_stairs_pillars,
          nicolae_vaults_branching_niches, v_misc_25, hangedman_vaults_maws,
          hangedman_vaults_hat, vaults_mumra_lcd, v_alt_pattern_4, v_pattern_5,
          grunt_vaults_hallway_long, v_misc_17, layout_vaults_omnicross,
          serial_shops, shop
Vaults:5: serial_shops
Crypt:1:  layout_rooms
Crypt:2:  layout_misc_corridors, eino_tiny_chamber, minmay_misc_feat_alley,
          pandoras_box_mu, uniq_mennas
Crypt:3:  due_elkab, layout_chaotic_city, hex_tiny, grunt_ministairs_8,
          minmay_misc_feat_ornament, lemuel_freeze_loot_1, uniq_margery
Depths:1: layout_honeycomb, hell_entry, grunt_decor_cap, evilmike_ruin_ashenzari
Depths:2: minmay_the_grid_triangle_9x9_recursive_3_mashed
          [minmay_the_grid_triangle_9x9_longest,
          minmay_the_grid_triangle_9x9_warning,
          minmay_the_grid_triangle_9x9_skeleton,
          minmay_the_grid_triangle_9x9_prize_insulated,
          minmay_the_grid_triangle_9x9_checkered,
          minmay_the_grid_triangle_9x9_corruption,
          minmay_the_grid_triangle_9x9_pentomino_pain,
          minmay_the_grid_triangle_9x9_intruding_spiral,
          minmay_the_grid_triangle_9x9_zippers_vertical], layout_gridlike,
          chequers_serial_rivers_room_b, hellmouth_1, roderic_roman_lattice,
          due_unseen_surprise
Depths:3: thingy_vault_2, layout_basic, hangedman_decor_peaks_small,
          hangedman_geh_valley, rand_demon_pan_entry_8,
          grunt_absolute_annihilation
Depths:4: little_maze_vault, layout_cave_pools, minmay_misc_feat_x,
          marbit_kobold_abyss_entry, hell_entry, serial_shops, shop,
          grunt_tough_drop, minmay_staircase_windowed_small
Depths:5: grunt_zot_entry_tricorne, layout_gridville, enter_ziggurat_b,
          abyss_entry, pf_hell_entry_tar_spiral, grunt_decor_fettered,
          serial_bayou_shore_b, serial_bayou_shore_b
Hell
Zot:1:    layout_basic
Zot:2:    nicolae_zot_stationary_front, layout_twisted_circle,
          chequers_guarded_unrand_mask_of_the_dragon
Zot:3:    layout_cathedral_of_symmetry
Zot:4:    layout_cathedral_of_symmetry
Zot:5:    layout_gridlike, skrybe_zot_glass_1

Skill      XL: |  1  2  3  4  5  6  7  8  9 10 11 12 13 14 15 16 17 18 19 20 21 22 23 24 25 26 27 |
---------------+----------------------------------------------------------------------------------+-----
Fighting       | 2 3 4 5 7 9 10 11 12 13 14 15 16 17 18 22 | 22.0
Short Blades   | 3 4 5 6 7 8 9 10 12 | 12.0
Stealth        | 5 6 7 8 10 11 12 13 14 15 | 15.0
Slings         | 3 5 8 9 10 11 13 | 13.8
Armour         | 1 3 5 6 7 9 11 14 16 17 18 19 20 21 25 | 25.0
Dodging        | 2 3 5 7 9 11 12 13 14 15 16 17 18 19 22 23 25 | 25.9
Shields        | 1 5 8 9 12 13 14 15 16 | 16.0
Invocations    | 3 6 7 9 10 11 12 13 14 17 | 17.0
Evocations     | 9 11 12 13 | 13.0
Maces & Flails | 12 | 12.0
Throwing       | |  2.0

Action                   |  1- 3 |  4- 6 |  7- 9 | 10-12 | 13-15 | 16-18 | 19-21 | 22-24 | 25-27 || total
-------------------------+-------+-------+-------+-------+-------+-------+-------+-------+-------++-------
Melee: Dagger            |    35 |    35 |   239 |   788 |  1694 |   267 |    38 |   216 |       ||  3312
       Short sword       |     6 |    91 |       |       |       |       |       |    15 |   363 ||   475
       Club              |       |    13 |       |       |       |       |       |       |       ||    13
       Fustibalus        |       |       |       |       |       |     7 |     3 |     1 |     1 ||    12
       Quick blade       |       |       |       |       |       |       |       |       |  2606 ||  2606
       Sacred scourge    |       |       |       |       |       |       |       |       |  1511 ||  1511
 Fire: Hunting sling     |       |       |    24 |   146 |   210 |       |       |       |       ||   380
       Fustibalus        |       |       |       |       |   421 |  1639 |  1918 |  2116 |  3253 ||  9347
Throw: Dart              |    11 |    15 |    18 |    39 |     5 |       |       |       |     4 ||    92
       Stone             |       |     9 |       |    19 |       |       |       |       |       ||    28
       Throwing net      |       |       |       |     1 |       |       |       |       |       ||     1
       Boomerang         |       |       |       |    19 |       |       |       |       |       ||    19
Invok: Draw Destruction  |       |       |       |       |    21 |    15 |    11 |    20 |    29 ||    96
       Draw Summoning    |       |       |       |       |     3 |       |       |       |     3 ||     6
       Draw Escape       |       |       |       |       |     2 |       |       |       |     2 ||     4
       Deal Four         |       |       |       |       |     3 |     7 |     8 |     1 |    15 ||    34
       Triple Draw       |       |       |       |       |       |       |     1 |       |       ||     1
       Stack Five        |       |       |       |       |       |       |       |     1 |     3 ||     4
       Draw Stack        |       |       |       |       |       |       |       |       |    10 ||    10
Evoke: Wand              |       |       |       |    37 |    21 |     3 |     6 |     1 |     9 ||    77
       Lightning rod     |       |       |       |       |     1 |     8 |     6 |     2 |    13 ||    30
       Phantom mirror    |       |       |       |       |       |     1 |     1 |       |     4 ||     6
       Phial of floods   |       |       |       |       |       |       |     1 |       |     1 ||     2
       Box of beasts     |       |       |       |       |       |       |       |       |     2 ||     2
       Tin of tremorston |       |       |       |       |       |       |       |       |     2 ||     2
  Use: Scroll            |     5 |     2 |     9 |     8 |    10 |    11 |     1 |    13 |    35 ||    94
       Potion            |       |       |     2 |     9 |       |     4 |       |     5 |    33 ||    53
 Stab: Sleeping          |     4 |     9 |     9 |     8 |    14 |     1 |       |     1 |    11 ||    57
       Distracted        |       |     1 |       |     3 |     5 |       |       |       |     4 ||    13
       Confused          |       |       |       |       |     2 |       |       |       |       ||     2
       Invisible         |       |       |       |       |       |       |       |       |     3 ||     3
  Eat: Chunk             |       |    11 |     9 |    22 |    42 |    28 |    37 |    43 |    65 ||   257
       Ration            |       |       |     1 |     1 |     2 |     5 |     2 |     3 |    23 ||    37
Armor: Robe              |     9 |     3 |       |       |       |       |       |       |       ||    12
       Leather armour    |       |    13 |    20 |       |       |       |       |       |       ||    33
       Acid dragon scale |       |       |     3 |    56 |    36 |       |       |       |       ||    95
       Ring mail         |       |       |       |       |    82 |    31 |       |       |       ||   113
       Swamp dragon scal |       |       |       |       |       |    75 |   124 |    26 |       ||   225
       Chain mail        |       |       |       |       |       |       |       |   136 |    77 ||   213
       Quicksilver drago |       |       |       |       |       |       |       |       |   402 ||   402
       Storm dragon scal |       |       |       |       |       |       |       |       |   418 ||   418
Dodge: Dodged            |    34 |    64 |   103 |   321 |   756 |   552 |   611 |   459 |  3046 ||  5946
Block: Buckler           |       |       |     3 |   151 |   637 |   451 |   431 |    47 |       ||  1720
       Reflection        |       |       |       |       |    17 |    60 |    67 |   132 |   121 ||   397
       Kite shield       |       |       |       |       |       |       |       |   665 |  3945 ||  4610
